 Dungeon Crawl Stone Soup version 0.19-a0-1886-gd64a0f0 (webtiles) character file.

224 poirepourri the Skirmisher (level 5, 0/75 HPs)
             Began as a Minotaur Fighter on Oct 16, 2016.
             Succumbed to a gnoll's poison
             ... on level 3 of the Dungeon.
             The game lasted 00:01:58 (1562 turns).

poirepourri the Skirmisher (Minotaur Fighter)       Turns: 1562, Time: 00:01:58

Health: 0/75       AC: 22    Str: 27    XL:     5   Next: 67%
Magic:  4/4        EV:  2    Int:  5    God:
Gold:   115        SH: 10    Dex:  9    Spells: 0 memorised, 4 levels left

rFire  . . .     SeeInvis .     a - +1 war axe
rCold  . . .     Gourm    .     (armour currently unavailable)
rNeg   + + +     Faith    .     c - +0 shield
rPois  +         Spirit   .     (helmet currently unavailable)
rElec  .         Dismiss  .     (cloak currently unavailable)
rCorr  .         Reflect  .     (gloves currently unavailable)
MR     .....     Harm     .     (boots currently unavailable)
Stlth  +......... NoTele   +    (no amulet)
                                (no ring)
                                e - ring of teleportation (curse)

@: mighty, lethally poisoned (0 -> -19), tree-form, very slightly contaminated,
hasted, very quick
A: (retaliatory headbutt), (horns 0)
a: no special abilities


You were on level 3 of the Dungeon.
You were not hungry.
You were a tree.
You visited 1 branch of the dungeon, and saw 3 of its levels.

You collected 115 gold pieces.

Inventory:

Hand Weapons
 a - a +1 war axe (weapon)
Missiles
 k - 45 bolts
Armour
 b - a +0 scale mail (melded)
 c - a +0 shield (worn)
Jewellery
 e - a cursed ring of teleportation (left branch)
Comestibles
 f - a bread ration
 g - a meat ration


   Skills:
 + Level 5.9 Fighting
 + Level 5.5 Axes
 - Level 3.6 Armour
 + Level 0.2 Dodging
 - Level 3.6 Shields


You had 4 spell levels left.
You didn't know any spells.

Dungeon Overview and Level Annotations

Branches:
Dungeon (2/15)

Altars:
Makhleb
Zin


Innate Abilities, Weirdness & Mutations

((You reflexively headbutt those who attack you in melee.))
((You have a pair of horns on your head.))


Message History

The gnoll barely misses you. The gnoll hits you but does no damage.
You feel sick. The gnoll hits you but does no damage.
The gnoll hits you but does no damage. x2
You are lethally poisoned!
* * * LOW HITPOINT WARNING * * *
You feel sick. You block the gnoll's attack.
* * * LOW HITPOINT WARNING * * *
You feel sick. The gnoll hits you but does no damage.
You are more poisoned.
* * * LOW HITPOINT WARNING * * *
You feel sick.
The gnoll hits you but does no damage. x2
* * * LOW HITPOINT WARNING * * *
You feel sick. You block the gnoll's attack.
* * * LOW HITPOINT WARNING * * *
You feel sick. The gnoll hits you but does no damage.
You are more poisoned.
* * * LOW HITPOINT WARNING * * *
You feel sick.
The gnoll hits you but does no damage. x2
You die...

......# #####
......# ....
......#
...#......#
..........
.........
#........ ###
#♣# .... #)##
.....##gg####
...Z..ooo...#
.......o....#
............#
............#
............#
............#


You could see 2 gnolls and 4 orcs.

Vanquished Creatures
  The ghost of anet the Magician, an amateur DEWz (D:3)
  Jessica (D:2)
  A centaur skeleton (D:3)
  2 gnolls (D:3)
  2 adders (D:2)
  2 dart slugs
  A ball python (D:3)
  2 bats
  A giant cockroach (D:1)
  7 goblins
  5 hobgoblins
  2 kobolds
  3 rats
30 creatures vanquished.

Notes
Turn   | Place    | Note
-------+----------+-------------------------------------------
     0 | D:1      | poirepourri the Minotaur Fighter began the quest for the Orb.
     0 | D:1      | Reached XP level 1. HP: 19/19 MP: 0/0
   383 | D:1      | Reached XP level 2. HP: 24/27 MP: 1/1
   954 | D:2      | Found a faded altar of an unknown god.
   959 | D:2      | Reached XP level 3. HP: 34/34 MP: 2/2
  1267 | D:2      | Noticed Jessica
  1277 | D:2      | Killed Jessica
  1277 | D:2      | Reached skill level 5 in Fighting
  1299 | D:2      | Found a burning altar of Makhleb.
  1385 | D:2      | Found a glowing silver altar of Zin.
  1385 | D:2      | Noticed an angel
  1386 | D:2      | Noticed a green death
  1473 | D:2      | Reached XP level 4. HP: 42/42 MP: 3/3
  1511 | D:2      | You fall through a shaft!
  1516 | D:3      | Noticed anet's ghost (amateur DEWz)
  1524 | D:3      | Killed anet's ghost
  1524 | D:3      | Reached skill level 5 in Axes
  1524 | D:3      | Reached XP level 5. HP: 38/50 MP: 4/4
  1560 | D:3      | HP: 3/75 [poisoned by a gnoll]
  1562 | D:3      | Succumbed to a gnoll's poison

Vault maps used:
D:1:      noname_arrival_rooms_in_the_neighbourhood
D:2:      grunt_temple_overflow_order_and_chaos_2, ecumenical_altar_2,
          hangedman_decor_riveting, uniq_jessica, uniq_sigmund
D:3:      cheibriados_altar_wand_db

Skill      XL: |  1  2  3  4 |
---------------+-------------+-----
Fighting       | 4 5 |  5.9
Axes           | 3 5 |  5.5
Armour         | |  3.6
Dodging        | |  0.2
Shields        | |  3.6

Action                   |  1- 3 |  4- 6 || total
-------------------------+-------+-------++-------
Melee: War axe           |    45 |    17 ||    62
       Headbutt          |     3 |     2 ||     5
  Use: Scroll            |     4 |     2 ||     6
       Potion            |       |     5 ||     5
  Eat: Bread ration      |     1 |       ||     1
Armor: Scale mail        |    15 |     9 ||    24
       Skin              |       |    30 ||    30
Dodge: Dodged            |     9 |    10 ||    19
Block: Shield            |    22 |    27 ||    49
